 Dungeon Crawl Stone Soup version 0.28.0-1-gb440e238dd (webtiles) character file.

Game seed: 11311745019105776902

0 cbfl8 the Sneak (level 1, 0/19 HPs)
             Began as a Minotaur Delver on Feb 27, 2022.
             Killed from afar by a white imp (6 damage)
             ... with a puff of frost
             ... on level 4 of the Dungeon.
             The game lasted 00:00:36 (57 turns).

cbfl8 the Sneak (Minotaur Delver)                     Turns: 57, Time: 00:00:36

Health: 0/19       AC:  3    Str: 16    XL:     1   Next: 0%
Magic:  0/0        EV: 11    Int:  7    God:
Gold:   0          SH:  0    Dex: 11    Spells: 0/0 levels left

rFire   . . .      SeeInvis .   a - +0 hand axe
rCold   . . .      Faith    .   (no shield)
rNeg    . . .      Spirit   .   b - +0 leather armour
rPois   +          Reflect  .   (helmet restricted)
rElec   .          Harm     .   (no cloak)
rCorr   .          Rampage  .   (no gloves)
Will    .....                   (no boots)
Stlth   ++........              (no amulet)
HPRegen 0.06/turn               d - ring of poison resistance
MPRegen 0.07/turn               (no ring)

@: no status effects
A: horns 2, retaliatory headbutt
a: no special abilities


You were on level 4 of the Dungeon.
You visited 1 branch of the dungeon, and saw 2 of its levels.

Inventory:

Hand Weapons
 a - a +0 hand axe (weapon)
Armour
 b - a +0 leather armour (worn)
Jewellery
 d - a ring of poison resistance (left hand)
Wands
 g - a wand of digging (3)
Scrolls
 c - a scroll of fog
 e - a scroll of fear
Potions
 f - a potion of haste


   Skills:
 + Level 3.6 Fighting
 + Level 2.4 Axes
 + Level 2.1 Dodging
 + Level 4.1 Stealth


You couldn't memorise any spells.
You didn't know any spells.
Your spell library was empty.

Dungeon Overview and Level Annotations

Branches:
Dungeon (5/15)
 Temple: D:4-7

Altars:
Gozag


Innate Abilities, Weirdness & Mutations

You have a pair of horns on your head.
You reflexively headbutt those who attack you in melee.


Message History

You open the door.
Found a scratched onyx ring.
Found an opulent altar of Gozag.
There is an open door here.
d - a ring of poison resistance
d - a ring of poison resistance (left hand)
There is an open door here.
There is a stone staircase leading up here.
You climb upwards.
You hear the sound of rushing water.
There is an entrance to a sewer on this level.
Hurry and find it before the portal rusts away!
There is a stone staircase leading down here.
Okay, then.
Unknown command.
There is a stone staircase leading down here.
A goblin comes into view. It is wielding a +0 dagger.
You open the door.
An adder, an endoplasm and a white imp come into view.
Found a scroll labelled HAB RALELUPP.
An iguana comes into view.
The white imp shouts, "Crawl home, thou twisted kobold-kissing bovine!"
The iguana hisses angrily.
The white imp spits at you. The white imp gestures at you.
The puff of frost hits you.
There is an open door here.
A giant cockroach comes into view.
Found 23 stones.
A water moccasin comes into view.
The white imp gestures at you. The puff of frost hits you.
The endoplasm freezes you.
You are frozen.
The giant cockroach is engulfed in a cloud of scalding steam.
The giant cockroach dies!
You hit the endoplasm.
You kill the endoplasm!
You closely miss the adder. The adder bites you but does no damage.
The white imp gestures at you. The puff of frost hits you.
You die...

#####... .g......
#... ...... #..(≈
....# #...§≈ #..#
#...≈≈≈
#.#####...≈≈..
#...##?..§≈...
##.#.#...≈≈....
##..#.'.@.l.§..
###..####..S§5§..
##...## ##...§§..
#...## ##...≈≈.
##..# #...≈≈≈
#..# #...≈§ ##.##
#...≈ #..## #...
##..#


You could see an iguana, an adder and a white imp.

Vanquished Creatures
  An endoplasm (D:4)
1 creature vanquished.

Vanquished Creatures (others)
  A giant cockroach (D:4)
1 creature vanquished.

Grand Total: 2 creatures vanquished

Notes
Turn   | Place    | Note
-------+----------+-------------------------------------------
     0 | D:5      | cbfl8 the Minotaur Delver began the quest for the Orb.
     0 | D:5      | Reached XP level 1. HP: 19/19 MP: 0/0
     9 | D:5      | Found an opulent altar of Gozag.
    54 | D:4      | Noticed an iguana
    55 | D:4      | Noticed a water moccasin
    57 | D:4      | Killed from afar by a white imp

Illustrated notes

Levels and vault maps discovered:
D:4:      layout_layer_cave, kiku_gazebo_garden_becter, jmf_multi_god_temple2,
          serial_shops, shop_statue, lightli_sewer_entry_pipes,
          kennysheep_diamond, minmay_misc_feat_doors
D:5:      layout_cave_pools, riverfiend_overflow_shadow_ancestor,
          kennysheep_mini_moat, mainiacjoe_overflow_six_doors_small,
          guppyfry_early_orc_mine, uniq_eustachio

Action                   || total
-------------------------++-------
Melee: Hand axe          ||     1
  Use: Scroll            ||     1
Armor: Leather armour    ||     1
